 Dungeon Crawl Stone Soup version 0.20-b1-2-gc5a9893 (webtiles) character file.

1618 potatolord6000 the Chopper (level 8, 0/73 HPs)
             Began as a Hill Orc Fighter on May 22, 2017.
             Was an Initiate of Gozag.
             Slain by a worker ant (5 damage)
             ... on level 7 of the Dungeon.
             The game lasted 00:13:23 (3415 turns).

potatolord6000 the Chopper (Hill Orc Fighter)       Turns: 3415, Time: 00:13:24

Health: 0/73       AC: 10    Str: 21    XL:     8   Next: 96%
Magic:  8/8        EV:  6    Int:  8    God:    Gozag
Gold:   296        SH: 10    Dex: 10    Spells: 7/7 levels left

rFire    . . .     SeeInvis .   a - +0 war axe
rCold    . . .     Gourm    +   c - +0 shield
rNeg     . . .     Faith    .   n - +0 chain mail
rPois    .         Spirit   .   (no helmet)
rElec    .         Reflect  .   (no cloak)
rCorr    .         Harm     .   (no gloves)
MR       .....                  (no boots)
Stlth    ..........             g - amulet of the gourmand
Regen    0.3/turn               (no ring)
MPRegen  0.2/turn               (no ring)

@: lethally poisoned (0 -> -3), gold aura
A: claws 1, talons 1
a: Potion Petition, Call Merchant, Bribe Branch, Renounce Religion


You were on level 7 of the Dungeon.
You worshipped Gozag.
Gozag was aware of your devotion.
You were full.

You visited 2 branches of the dungeon, and saw 8 of its levels.

You collected 386 gold pieces.
You paid 90 gold pieces to Gozag.

Inventory:

Hand Weapons
 a - a +0 war axe (weapon)
Armour
 c - a +0 shield (worn)
 n - a +0 chain mail (worn)
Jewellery
 g - an amulet of the gourmand (around neck)
Scrolls
 e - 4 scrolls of remove curse
 h - 2 scrolls of identify
Potions
 d - 2 potions of brilliance
Comestibles
 b - 2 fruits
 k - 2 royal jellies


   Skills:
 + Level 7.5 Fighting
 + Level 7.6 Axes
 + Level 6.9 Armour
 + Level 6.8 Shields


You had 7 spell levels left.
You didn't know any spells.

Dungeon Overview and Level Annotations

Branches:
Dungeon (7/15)             Temple (1/1) D:6

Altars:
Ashenzari
Dithmenos
Elyvilon
Fedhas
Gozag
Hepliaklqana
Makhleb
Nemelex Xobeh
Okawaru
Ru
Trog
Uskayaw
Xom
Yredelemnul
Zin

Shops:
D:7 =


Innate Abilities, Weirdness & Mutations

You have sharp fingernails.
You have sharp toenails.


Message History

You feel sick. You block the worker ant's attack.
The orc hits you but does no damage. You block the worker ant's attack.
Unknown command.
You closely miss the worker ant. Your kick misses the worker ant.
The worker ant is severely wounded.
You feel sick. You block the orc's attack. You block the worker ant's attack.
Unknown command.
You closely miss the worker ant.
You claw the worker ant, but do no damage.
The worker ant is severely wounded.
The worker ant bites you but does no damage.
You block the orc's attack.
The worker ant bites you but does no damage.
Unknown command.
Your shield prevents you from hitting the worker ant.
Your kick misses the worker ant.
The worker ant is severely wounded.
You feel sick. The orc hits you but does no damage. The worker ant bites you.
You die...
Your body crumbles into a pile of gold.

#..............#
#..............#
#...###........#
# #...##
##.......## #
.....##
##.......# #
######
#####(......# .
##....(.....#.# .
#....)(......#.#
#
#....@(.......#.
#
#...$a.........#
#....o..........#
#................
................
................
................
#....h..........


You could see a worker ant, an orc and a jackal (wandering).

Vanquished Creatures
  Eustachio (D:6)
  2 ice beasts
  A phantom (D:5)
  An ogre (D:7)
  3 centaurs
  4 bullfrogs
  A water moccasin zombie (D:6)
  A wyvern skeleton (D:7)
  A centaur zombie (D:7)
  4 crimson imps
  2 hounds
  3 orc wizards
  An iguana (D:6)
  A worker ant (D:5)
  A hound zombie (D:7)
  2 hound skeletons
  3 adders
  4 gnolls (D:5)
  An ooze (D:6)
  A worm (D:2)
  A dart slug (D:3)
  A leopard gecko (D:3)
  12 orcs
  2 bats (D:2)
  A giant cockroach (D:5)
  3 goblins
  2 hobgoblins
  3 jackals
  3 quokkas
  2 frilled lizards
  A jackal zombie (D:5)
  A kobold (D:1)
  A leopard gecko zombie (D:6)
  4 rats
  A bush (D:3)
  A plant (D:3)
77 creatures vanquished.

Notes
Turn   | Place    | Note
-------+----------+-------------------------------------------
     0 | D:1      | potatolord6000 the Hill Orc Fighter began the quest for the Orb.
     0 | D:1      | Reached XP level 1. HP: 19/19 MP: 1/1
   317 | D:2      | Reached XP level 2. HP: 27/27 MP: 2/2
   674 | D:3      | Reached XP level 3. HP: 30/33 MP: 3/3
   887 | D:4      | Gained mutation: You have sharp toenails. [potion of mutation]
   887 | D:4      | Gained mutation: You have sharp fingernails. [potion of mutation]
   937 | D:5      | Entered Level 5 of the Dungeon
  1008 | D:5      | Reached XP level 4. HP: 40/40 MP: 4/4
  1041 | D:5      | Noticed a centaur
  1078 | D:5      | Killed a centaur
  1078 | D:5      | Reached XP level 5. HP: 43/47 MP: 5/5
  1121 | D:5      | Reached skill level 5 in Fighting
  1125 | D:5      | Reached XP level 6. HP: 3/56 MP: 6/6
  1444 | D:5      | Noticed an ice beast
  1492 | D:5      | Killed an ice beast
  1492 | D:5      | Reached skill level 5 in Axes
  1492 | D:5      | Reached skill level 5 in Armour
  1492 | D:5      | Reached skill level 5 in Shields
  1492 | D:5      | Reached XP level 7. HP: 59/61 MP: 7/7
  1998 | D:6      | Found a staircase to the Ecumenical Temple.
  2004 | Temple   | Entered the Ecumenical Temple
  2143 | Temple   | Became a worshipper of Gozag Ym Sagoz the Greedy
  2197 | D:6      | Noticed Eustachio
  2207 | D:6      | Killed Eustachio
  2251 | D:6      | Reached XP level 8. HP: 61/71 MP: 8/8
  2657 | D:7      | Found Cachyex's Jewellery Shoppe.
  3184 | D:7      | Found a shattered altar of Ashenzari.
  3415 | D:7      | Slain by a worker ant

Skill      XL: |  1  2  3  4  5  6  7  8 |
---------------+-------------------------+-----
Axes           | 3 4 5 6 7 |  7.6
Fighting       | 4 5 6 7 |  7.5
Shields        | 4 5 6 |  6.8
Armour         | 4 5 6 |  6.9

Action                   |  1- 3 |  4- 6 |  7- 9 || total
-------------------------+-------+-------+-------++-------
Melee: War axe           |   160 |    68 |   180 ||   408
       Kick              |     7 |    18 |    56 ||    81
Invok: Potion Petition   |       |       |     1 ||     1
  Use: Potion            |     2 |     5 |     2 ||     9
       Scroll            |     5 |     2 |       ||     7
  Eat: Bread ration      |     1 |     1 |       ||     2
       Meat ration       |       |       |     1 ||     1
Armor: Scale mail        |    44 |       |       ||    44
       Chain mail        |    16 |    51 |   106 ||   173
Dodge: Dodged            |    37 |    21 |    59 ||   117
Block: Shield            |    68 |    44 |   122 ||   234
